 Dungeon Sprint DCSS version 0.22.0-38-g04b72b8 (webtiles) character file.

82012 iamserjio the Tengu Blade (level 15, -15/163 HPs)
             Began as a Tengu Berserker on Aug 26, 2018.
             Was a High Priest of Trog.
             Demolished by Gloorx Vloq (18 damage)
             ... in the Dungeon (Sprint II: "The Violet Keep of Menkaure").
             The game lasted 00:37:19 (7446 turns).

iamserjio the Tengu Blade (Tengu Berserker)         Turns: 7446, Time: 00:37:20

Health: -15/163    AC: 27    Str: 19    XL:     15   Next: 72%
Magic:  7/7        EV:  2    Int:  7    God:    Trog [*****.]
Gold:   592        SH:  0    Dex: 19    Spells: 14/14 levels left

rFire    + . .     SeeInvis +   D - +6 triple sword (antimagic)
rCold    + . .     Gourm    .   (shield currently unavailable)
rNeg     + + +     Faith    .   (armour currently unavailable)
rPois    +         Spirit   .   (helmet currently unavailable)
rElec    +         Reflect  .   (cloak currently unavailable)
rCorr    +         Harm     .   (gloves currently unavailable)
MR       +++++     Clarity  +   (boots unavailable) Stlth ++........NoTele +
                                P - amulet of the Four Winds {rN+ MR+++ Clar}
HPRegen  1.77/turn              w - ring of poison resistance
MPRegen  0.10/turn              u - ring of resist corrosion

@: lethally poisoned (-15 -> -21), tree-form, resistant, regenerating, slowed,
very slow
A: see invisible, regeneration 1, wild magic 1, evolution 1, able to fly 2
a: Fly, Stop Flying, Berserk, Trog's Hand, Brothers in Arms, Renounce Religion


You were in the Dungeon.
You worshipped Trog.
Trog was extremely pleased with you.
You were not hungry.
You were a tree.
You visited 1 branch You collected 5058 gold pieces.
You spent 4466 gold pieces at shops.

Inventory:

Hand Weapons
 f - a +6 antimagic great sword
 D - a +6 antimagic triple sword (weapon)
 K - a +7 antimagic quick blade
 U - a +3 great sword of holy wrath
Missiles
 k - a javelin of penetration (quivered)
Armour
 c - +0 ice dragon scales
 i - +0 storm dragon scales
 l - a scarf of spirit shield
 m - a +2 hat (melded)
 s - a +0 ring mail of cold resistance
 v - a +2 pair of gloves
 y - a +2 pair of gloves (melded)
 M - a +2 cloak (melded)
 Q - a +3 leather armour of cold resistance
 S - the +0 leather armour of Jieful {rN+ MR+ Dex+2 Stlth+}
   (You found it in the Dungeon)

   It affects your dexterity (+2).
   It protects you from negative energy.
   It affects your resistance to hostile enchantments.
   It makes you more stealthy.
 Y - the +5 scale mail of Disaster (melded) {*Contam rF+++ rN+ MP+9}
   (You found it in the Dungeon)

   It renders you almost immune to fire.
   It protects you from negative energy.
   It affects your magic capacity (+9).
   It causes magical contamination when unequipped.
Jewellery
 r - an uncursed ring of see invisible
 u - a ring of resist corrosion (right branch)
 w - a ring of poison resistance (left branch)
 C - an uncursed amulet of rage
 P - the amulet of the Four Winds (around neck) {rN+ MR+++ Clar}
   (You found it in the Dungeon)

   [amulet of nothing]

   It protects you from negative energy.
   It affects your resistance to hostile enchantments.
   It protects you against confusion.
 X - a cursed ring of poison resistance
Wands
 L - a wand of paralysis (9)
Scrolls
 a - 7 scrolls of fog
 p - 2 scrolls of fear
 q - 2 scrolls of immolation
 t - a scroll of blinking
 x - a scroll of identify {@r1}
 E - a scroll of remove curse {@r2}
 G - 3 scrolls of amnesia
Potions
 d - 6 potions of curing {@q1}
 e - 10 potions of flight
 g - 23 potions of magic
 h - 2 potions of berserk rage
 o - a potion of might
 z - a potion of cancellation
 A - 26 potions of mutation
 F - 2 potions of resistance
 H - 11 potions of haste
 J - a potion of lignification
 N - 3 potions of agility
Miscellaneous
 n - a phial of floods
 I - a lightning rod (4/4)
 O - 2 boxes of beasts
 R - a sack of spiders
 T - a phantom mirror
Comestibles
 j - 6 rations


   Skills:
 + Level 18.7 Fighting
 + Level 23.5 Long Blades
 + Level 20.0 Armour
 + Level 20.0 Dodging
 + Level 7.7 Evocations


You had 14 spell levels left.
You didn't know any spells.
Your spell library was empty.

Dungeon Overview and Level Annotations

Branches:
Dungeon (1/1)

Altars:
Cheibriados
Dithmenos
Elyvilon
Fedhas
Gozag
Hepliaklqana
Kikubaaqudgha
Makhleb
Nemelex Xobeh
Okawaru
Qazlal
Ru
Sif Muna
Trog
Uskayaw
Vehumet
Wu Jian
Xom
Yredelemnul
Zin
The Shining One
Beogh
Jiyva
Lugonu

Shops:
D ?*:[*[?*!%%(==:%?!(*!(=*}[?[*[:

Annotations:
D exclusion: oklob plant, Gloorx Vloq


Innate Abilities, Weirdness & Mutations

((You have a beak for a mouth.))
((You have claws for feet.))
You can fly continuously.
((You have a pair of small horns on your head.))
You have supernaturally acute eyesight. (SInv)
((Your flesh is cold resistant. (rC+)))
Your natural rate of healing is unusually fast.
Your spells are a little harder to cast, but a little more powerful.
You evolve.


Message History

You hit Gloorx Vloq.
Gloorx Vloq's magic leaks into the air.
You claw Gloorx Vloq.
Gloorx Vloq is moderately wounded.
You feel sick. Gloorx Vloq misses you. Gloorx Vloq gestures at you.
The foul vapour misses you.
Really become a tree while standing in a cloud of foul pestilence?
You turn into a tree.
Your +2 cloak melds into your body.
Your +2 hat melds into your body.
Your +2 pair of gloves melds into your body.
The +5 scale mail of Disaster {*Contam rF+++ rN+ MP+9} melds into your body.
Your roots penetrate the ground.
You are engulfed in dark miasma.
You are more poisoned.
You feel as though you will be slow longer.
* * * LOW HITPOINT WARNING * * *
You feel very sick. Gloorx Vloq hits you.
* * * LOW HITPOINT WARNING * * *
Gloorx Vloq hits you!!
You die...

▓▓▓▓▓▓▓▓▓▓▓▓▓▓▓▓▓▓▓▓▓
f$f♣♣...$.♣♣..§.1♣♣.▓
▓.♣♣..♣.V.♣♣.^.♣&♣♣.▓
▓.♣♣..♣♣.$♣♣.1♣♣♣§♣.▓
▓.♣♣..♣♣$.♣.$$♣♣§§§.▓
▓.♣.$$♣♣..)1.$♣♣§§§.▓
▓..$.$▓▓▓▓▓▓▓▓▓▓''▓▓▓#
▓▓▓▓▓▓▓▓▓▓▓▓▓........#
§≈≈≈§▓▓▓....▓.''''''.#
▓▓▓▓▓▓▓▓'▓▓)▓.'≈..≈'.#
(.)..▓▓...▓.▓.'≈..≈'.#
....[▓▓.⌠.▓.▓.'≈..≈'.#


You could see Gloorx Vloq and an Executioner.

Vanquished Creatures
  A golden dragon (D)
  A hellephant (D)
  A deep elf blademaster (D)
  3 quicksilver dragons (D)
  A deep elf master archer (D)
  2 sphinxes (D)
  Gastronok (D)
  A kraken (D)
  Kirke (D)
  A draconian shifter (D)
  A cacodemon (D)
  A vampire knight (D)
  Nessos (D)
  3 lorocyprocas (D)
  A dire elephant (D)
  A crystal guardian (D)
  A yaktaur captain (D)
  A fire dragon (D)
  A deep elf high priest (D)
  A centaur warrior (D)
  A death yak (D)
  A hell hog (D)
  Sonja (D)
  A skeletal warrior (D)
  3 sixfirhies (D)
  A glowing orange brain (D)
  2 deep trolls (D)
  2 death drakes (D)
  A harpy (D)
  3 orc sorcerers (D)
  4 shining eyes (D)
  An eye of devastation (D)
  A kobold demonologist (D)
  5 polar bears (D)
  3 slime creatures (D)
  A blink frog (D)
  2 hippogriffs (D)
  18 flying skulls (D)
  2 wyverns (D)
  3 yaks (D)
  Menkaure (D)
  4 neqoxecs (D)
  4 floating eyes (D)
  2 swamp drakes (D)
  A necrophage (D)
  3 crocodiles (D)
  9 electric eels (D)
  3 lava snakes (D)
  A jelly (D)
  An iron imp (D)
  4 worker ants (D)
  2 ballistomycetes (D)
  4 tentacles (D)
120 creatures vanquished.

Vanquished Creatures (collateral kills)
  A bone dragon (D)
  An electric golem (D)
  Murray (D)
  A storm dragon (D)
  A frost giant (D)
  An ice dragon (D)
  A hell hog (D)
  An iron golem (D)
  An unseen horror (D)
  3 manticores (D)
  8 shining eyes (D)
  A toenail golem (D)
  A merfolk siren (D)
  2 spiny frogs (D)
  3 soldier ants (D)
  6 floating eyes (D)
  2 earth elementals (D)
  2 spectral adders (D)
37 creatures vanquished.

Vanquished Creatures (others)
  An unseen horror (D)
  3 shining eyes (D)
  An elephant (D)
  A yaktaur (D)
  A hornet (D)
  A crocodile (D)
  An orc priest (D)
  2 ballistomycete spores (D)
  5 tentacles (D)
16 creatures vanquished.

Grand Total: 173 creatures vanquished

Notes
Turn   | Place    | Note
-------+----------+-------------------------------------------
     0 | D        | iamserjio the Tengu Berserker began the quest for the Orb.
     0 | D        | Reached XP level 1. HP: 14/14 MP: 2/2
     2 | D        | Noticed a neqoxec
     3 | D        | Noticed a neqoxec
     5 | D        | Killed a neqoxec
     5 | D        | Reached skill level 5 in Fighting
     5 | D        | Reached skill level 7 in Long Blades
     5 | D        | Reached skill level 5 in Armour
     5 | D        | Reached skill level 5 in Dodging
     5 | D        | Reached XP level 2. HP: 21/21 MP: 3/3
     5 | D        | Reached XP level 3. HP: 26/26 MP: 4/4
     5 | D        | Reached XP level 4. HP: 31/31 MP: 5/5
     5 | D        | Gained mutation: You can fly. [Tengu growth]
     5 | D        | Reached XP level 5. HP: 35/35 MP: 6/6
     6 | D        | Noticed a neqoxec
     9 | D        | Killed a neqoxec
     9 | D        | Reached ** piety under Trog
     9 | D        | Reached skill level 9 in Long Blades
     9 | D        | Reached XP level 6. HP: 41/41 MP: 7/7
    15 | D        | Killed a neqoxec
    15 | D        | Reached skill level 10 in Long Blades
    16 | D        | Noticed a neqoxec
    28 | D        | Killed a neqoxec
    28 | D        | Reached XP level 7. HP: 17/48 MP: 8/8
   269 | D        | Found Tavyf's General Store.
   269 | D        | Found Beyghi's Antique Armour Boutique.
   269 | D        | Found Kiemu's Gadget Shop.
   269 | D        | Found Pashaal's Assorted Antiques.
   269 | D        | Found Vatusku's Antique Weapon Shop.
   269 | D        | Found Quyc's General Store.
   269 | D        | Found Rity's Distillery.
   270 | D        | Found Keniqoz's Book Boutique.
   270 | D        | Found Cionikim's Jewellery Shop.
   270 | D        | Found Naoqel's Jewellery Boutique.
   270 | D        | Found Zupt's Magic Scroll Shop.
   284 | D        | Reached *** piety under Trog
   291 | D        | Reached skill level 11 in Long Blades
   574 | D        | Noticed a hippogriff
   574 | D        | Noticed a hippogriff
   579 | D        | Killed a hippogriff
   582 | D        | Killed a hippogriff
   582 | D        | Reached **** piety under Trog
   582 | D        | Reached skill level 12 in Long Blades
   582 | D        | Reached XP level 8. HP: 55/55 MP: 9/9
   645 | D        | Noticed a flying skull
   645 | D        | Noticed a flying skull
   645 | D        | Noticed a flying skull
   645 | D        | Noticed a flying skull
   645 | D        | Noticed a flying skull
   645 | D        | Noticed a flying skull
   645 | D        | Noticed a flying skull
   646 | D        | Noticed a flying skull
   646 | D        | Noticed a flying skull
   646 | D        | Noticed a flying skull
   646 | D        | Noticed a flying skull
   647 | D        | Noticed a flying skull
   647 | D        | Noticed Menkaure
   651 | D        | Killed Menkaure
   684 | D        | Noticed a merfolk siren
   694 | D        | Killed a merfolk siren
   758 | D        | Found a glowing silver altar of Zin.
   770 | D        | Noticed Kirke
   770 | D        | Noticed a kobold demonologist
   770 | D        | Noticed a skeletal warrior
   797 | D        | Killed Kirke
   797 | D        | Reached skill level 10 in Fighting
   797 | D        | Reached skill level 14 in Long Blades
   797 | D        | Reached XP level 9. HP: 63/63 MP: 10/10
   801 | D        | Killed a skeletal warrior
   801 | D        | Reached skill level 15 in Long Blades
   801 | D        | Reached XP level 10. HP: 68/68 MP: 11/11
   834 | D        | Noticed an elephant
  1031 | D        | Reached ***** piety under Trog
  1274 | D        | Killed an elephant
  1331 | D        | Received a gift from Trog
  1331 | D        | Reached skill level 16 in Long Blades
  1345 | D        | Reached ****** piety under Trog
  1346 | D        | Received a gift from Trog
  1370 | D        | Noticed a yaktaur captain
  1375 | D        | Killed a kobold demonologist
  1377 | D        | Killed a yaktaur captain
  1377 | D        | Reached skill level 17 in Long Blades
  1377 | D        | Reached XP level 11. HP: 22/76 MP: 4/12
  1467 | D        | Noticed a centaur warrior
  1471 | D        | Killed a centaur warrior
  1680 | D        | Found Viap's Antique Armour Boutique.
  1680 | D        | Found Gagrifits's Distillery.
  1682 | D        | Found Votanu Idio's Food Shop.
  1682 | D        | Found Zutug's Distillery.
  1708 | D        | Noticed a great orb of eyes
  1709 | D        | Noticed an oklob plant
  1710 | D        | Found Qirphotz's Book Shoppe.
  1711 | D        | Noticed an iron elemental
  1769 | D        | Received a gift from Trog
  1787 | D        | Noticed a shining eye
  1787 | D        | Noticed a hell hog
  1790 | D        | Killed a hell hog
  1791 | D        | Noticed an ice dragon
  1794 | D        | Noticed a hell hog
  1797 | D        | Noticed a shining eye
  1861 | D        | Killed a shining eye
  1898 | D        | Killed a shining eye
  1963 | D        | Killed a shining eye
  2050 | D        | Killed an ice dragon
  2111 | D        | Bought a scroll of enchant armour for 90 gold pieces
  2111 | D        | Bought a phial of floods for 480 gold pieces
  2114 | D        | Bought a potion of might for 56 gold pieces
  2114 | D        | Bought a potion of degeneration for 14 gold pieces
  2116 | D        | Bought a scroll labeled HIECSA QIUDEITH for 21 gold pieces
  2116 | D        | Bought a scroll labeled SAMYLL HUIBBER for 21 gold pieces
  2116 | D        | Bought a potion of heal wounds for 105 gold pieces
  2116 | D        | Bought a shiny ring mail for 147 gold pieces
  2119 | D        | Bought 2 potions of agility for 96 gold pieces
  2119 | D        | Bought a potion of might for 48 gold pieces
  2121 | D        | Bought a potion of might for 56 gold pieces
  2121 | D        | Bought a potion of lignification for 42 gold pieces
  2122 | D        | Bought a scroll of identify for 22 gold pieces
  2168 | D        | Killed a hell hog
  2168 | D        | Reached skill level 18 in Long Blades
  2204 | D        | Noticed a cacodemon
  2205 | D        | Noticed a bone dragon
  2205 | D        | Noticed a storm dragon
  2206 | D        | Noticed a golden dragon
  2218 | D        | Killed a bone dragon
  2221 | D        | Killed a cacodemon
  2225 | D        | Killed a storm dragon
  2225 | D        | Reached skill level 19 in Long Blades
  2225 | D        | Noticed a frost giant
  2228 | D        | Killed a golden dragon
  2228 | D        | Reached XP level 12. HP: 40/84 MP: 2/13
  2232 | D        | Killed a frost giant
  2399 | D        | Noticed a deep elf high priest
  2421 | D        | Killed a deep elf high priest
  2486 | D        | Found Nuofous's Magic Scroll Emporium.
  2486 | D        | Found Ymuarr's General Store.
  2487 | D        | Found Yninn's Antique Armour Shop.
  2487 | D        | Found Atsozeeph's Magic Scroll Shoppe.
  2487 | D        | Found Maad's Food Boutique.
  2487 | D        | Found Umite's Food Emporium.
  2487 | D        | Found Filles's Antique Weapon Shop.
  2487 | D        | Found Yczas's Assorted Antiques.
  2487 | D        | Found Yraskiq's General Store.
  2487 | D        | Found Wemus's Weapon Emporium.
  2487 | D        | Found Hungoil's Magic Scroll Shop.
  2487 | D        | Found Singing's Jewellery Shoppe.
  2489 | D        | Bought a scroll of enchant armour for 97 gold pieces
  2489 | D        | Bought a scroll of enchant weapon for 97 gold pieces
  2490 | D        | Bought a scroll of magic mapping for 35 gold pieces
  2493 | D        | Bought a pair of gloves for 99 gold pieces
  2577 | D        | HP: 4/84 [lava snake/glob of lava (10)]
  2790 | D        | Found a glowing golden altar of the Shining One.
  2790 | D        | Found a basalt altar of Yredelemnul.
  2790 | D        | Found a hide-covered altar of Uskayaw.
  2791 | D        | Found a shimmering altar of Xom.
  2791 | D        | Found a bloodstained altar of Trog.
  2791 | D        | Found a radiant altar of Vehumet.
  2791 | D        | Found a burning altar of Makhleb.
  2792 | D        | Found an ornate altar of the Wu Jian Council.
  2792 | D        | Found a deep blue altar of Sif Muna.
  2792 | D        | Found a corrupted altar of Lugonu.
  2792 | D        | Found a sparkling altar of Nemelex Xobeh.
  2792 | D        | Found a blossoming altar of Fedhas.
  2793 | D        | Found a sacrificial altar of Ru.
  2793 | D        | Found an ancient bone altar of Kikubaaqudgha.
  2793 | D        | Found a white marble altar of Elyvilon.
  2793 | D        | Found an iron altar of Okawaru.
  2793 | D        | Found an opulent altar of Gozag.
  2794 | D        | Found a stormy altar of Qazlal.
  2794 | D        | Found a viscous altar of Jiyva.
  2794 | D        | Found a shadowy altar of Dithmenos.
  2795 | D        | Found a hazy altar of Hepliaklqana.
  2795 | D        | Found a snail-covered altar of Cheibriados.
  2796 | D        | Noticed a crystal guardian
  2799 | D        | Found a roughly hewn altar of Beogh.
  2813 | D        | Reached skill level 20 in Long Blades
  2819 | D        | Killed a crystal guardian
  2819 | D        | Reached skill level 15 in Armour
  2819 | D        | Reached skill level 15 in Dodging
  2834 | D        | Received a gift from Trog
  3346 | D        | Noticed a death yak
  3357 | D        | Killed a death yak
  3554 | D        | Noticed a deep elf master archer
  3729 | D        | Killed a deep elf master archer
  3729 | D        | Reached skill level 21 in Long Blades
  3768 | D        | Noticed a fire dragon
  3778 | D        | Received a gift from Trog
  3784 | D        | Killed a fire dragon
  3786 | D        | Reached XP level 13. HP: 46/91 MP: 4/14
  3889 | D        | Noticed an electric golem
  3897 | D        | Reached skill level 15 in Fighting
  3902 | D        | Killed an electric golem
  4080 | D        | Bought a ration for 55 gold pieces
  4080 | D        | Bought a ration for 55 gold pieces
  4080 | D        | Bought a ration for 55 gold pieces
  4080 | D        | Bought a ration for 55 gold pieces
  4080 | D        | Bought a ration for 55 gold pieces
  4082 | D        | Bought a scroll of fog for 22 gold pieces
  4082 | D        | Bought a scroll of fog for 22 gold pieces
  4082 | D        | Bought a scroll of identify for 22 gold pieces
  4082 | D        | Bought a scroll of identify for 22 gold pieces
  4083 | D        | Bought an uncursed ring of see invisible for 195 gold pieces
  4083 | D        | Bought an uncursed ring of resist corrosion for 260 gold pieces
  4083 | D        | Bought an uncursed ring of poison resistance for 260 gold pieces
  4303 | D        | Noticed a kraken
  4319 | D        | Killed a kraken
  4463 | D        | Noticed Sonja
  4463 | D        | Noticed a white draconian shifter
  4464 | D        | Noticed a hellephant
  4477 | D        | Killed a hellephant
  4477 | D        | Reached skill level 22 in Long Blades
  4499 | D        | Paralysed by Sonja for 6 turns
  4520 | D        | Received a gift from Trog
  4522 | D        | Killed Sonja
  4522 | D        | Received a gift from Trog
  4551 | D        | Killed a white draconian shifter
  4686 | D        | Noticed a deep elf blademaster
  4697 | D        | Killed a deep elf blademaster
  5000 | D        | Received a gift from Trog
  5015 | D        | Received a gift from Trog
  5178 | D        | Found Ywnock's Book Shoppe.
  5179 | D        | Found Acyos's Armour Boutique.
  5267 | D        | Received a gift from Trog
  5423 | D        | Noticed Gastronok
  5428 | D        | Killed Gastronok
  5477 | D        | Noticed a dire elephant
  5478 | D        | Found the +7 sceptre of Torment
  5483 | D        | Killed a dire elephant
  5490 | D        | Received a gift from Trog
  5737 | D        | Found the +8 storm bow {elec}
  5739 | D        | Found the amulet of the Four Winds {rN+ MR+++ Clar}
  5786 | D        | Got an ichor-stained leather armour
  5816 | D        | Identified the cursed +0 leather armour of Jieful {rN+ MR+ Dex+2 Stlth+} (You found it in the Dungeon)
  5852 | D        | Found Ucziv's Antique Armour Shoppe.
  5853 | D        | Found Biomu's Magic Scroll Shop.
  5854 | D        | Noticed Nessos
  5887 | D        | Killed Nessos
  5887 | D        | Gained mutation: You can fly continuously. [Tengu growth]
  5887 | D        | Reached XP level 14. HP: 43/102 MP: 5/15
  6187 | D        | Bought a scroll of enchant weapon for 97 gold pieces
  6187 | D        | Bought a scroll of enchant armour for 97 gold pieces
  6187 | D        | Bought a scroll of fog for 26 gold pieces
  6187 | D        | Bought a scroll of identify for 26 gold pieces
  6187 | D        | Bought a scroll of identify for 26 gold pieces
  6187 | D        | Bought a scroll of enchant weapon for 97 gold pieces
  6187 | D        | Bought a scroll of identify for 26 gold pieces
  6188 | D        | Bought a pair of embroidered gloves for 165 gold pieces
  6364 | D        | Noticed a sphinx
  6364 | D        | Noticed a sphinx
  6371 | D        | Killed a sphinx
  6375 | D        | Killed a sphinx
  6375 | D        | Received a gift from Trog
  6458 | D        | Bought a glowing scarf for 160 gold pieces
  6470 | D        | Bought a potion of agility for 56 gold pieces
  6470 | D        | Bought a potion of agility for 56 gold pieces
  6470 | D        | Bought a potion of curing for 42 gold pieces
  6470 | D        | Bought a potion of curing for 42 gold pieces
  6470 | D        | Bought a potion of haste for 140 gold pieces
  6471 | D        | Bought a box of beasts for 200 gold pieces
  6476 | D        | Bought a potion of mutation for 96 gold pieces
  6476 | D        | Bought a potion of curing for 36 gold pieces
  6476 | D        | Bought a potion of haste for 120 gold pieces
  6476 | D        | Bought a potion of curing for 36 gold pieces
  6476 | D        | Bought a potion of agility for 48 gold pieces
  6478 | D        | Gained mutation: You evolve. [potion of mutation]
  6478 | D        | Gained mutation: You are frail. (-10% HP) [potion of mutation]
  6478 | D        | Gained mutation: Your spells are a little harder to cast, but a little more powerful. [potion of mutation]
  6479 | D        | Lost mutation: Your spells are a little harder to cast, but a little more powerful. [potion of mutation]
  6479 | D        | Lost mutation: You are frail. (-10% HP) [potion of mutation]
  6479 | D        | Lost mutation: You evolve. [potion of mutation]
  6479 | D        | Gained mutation: Your natural rate of healing is unusually fast. [potion of mutation]
  6479 | D        | Gained mutation: You expend magic power (3 MP) to strengthen your wands. [potion of mutation]
  6482 | D        | Bought a scroll of blinking for 90 gold pieces
  6482 | D        | Bought a scroll of enchant weapon for 90 gold pieces
  6482 | D        | Bought a scroll of enchant armour for 90 gold pieces
  6483 | D        | Reached skill level 1 in Evocations
  6483 | D        | Reached XP level 15. HP: 99/108 MP: 1/17
  6541 | D        | HP: 4/108 [something (27)]
  6717 | D        | Received a gift from Trog
  6797 | D        | Gained mutation: Your body sometimes deteriorates upon taking damage. [a shining eye]
  6799 | D        | Gained mutation: Your body often deteriorates upon taking damage. [a shining eye]
  6800 | D        | Paralysed by a floating eye for 2 turns
  6804 | D        | Gained mutation: Your magical capacity is low. (-10% MP) [a shining eye]
  6807 | D        | Gained mutation: Potions are less effective at restoring your health. [a shining eye]
  6809 | D        | Gained mutation: You are frail. (-10% HP) [a shining eye]
  6815 | D        | Received a gift from Trog
  6820 | D        | Paralysed by a floating eye for 2 turns
  6829 | D        | Gained mutation: You are weak. (Str -2) [a shining eye]
  6830 | D        | Gained mutation: You passively map a small area around you. [a shining eye]
  6830 | D        | Paralysed by a floating eye for 4 turns
  6839 | D        | Received a gift from Trog
  6845 | D        | Gained mutation: You are very frail. (-20% HP) [a shining eye]
  6859 | D        | Reached skill level 23 in Long Blades
  6872 | D        | Got a twisted scale mail
  6878 | D        | Lost mutation: You expend magic power (3 MP) to strengthen your wands. [potion of mutation]
  6878 | D        | Lost mutation: You are very frail. (-20% HP) [potion of mutation]
  6878 | D        | Lost mutation: Your magical capacity is low. (-10% MP) [potion of mutation]
  6878 | D        | Gained mutation: Your spells are a little easier to cast, but a little less powerful. [potion of mutation]
  6878 | D        | Gained mutation: Your magical capacity is low. (-10% MP) [potion of mutation]
  6878 | D        | Gained mutation: Your flesh is cold resistant. (rC+) [potion of mutation]
  6879 | D        | Lost mutation: Your flesh is cold resistant. (rC+) [potion of mutation]
  6879 | D        | Lost mutation: Potions are less effective at restoring your health. [potion of mutation]
  6879 | D        | Lost mutation: You are weak. (Str -2) [potion of mutation]
  6879 | D        | Lost mutation: Your spells are a little easier to cast, but a little less powerful. [potion of mutation]
  6879 | D        | Gained mutation: Your spells are a little harder to cast, but a little more powerful. [potion of mutation]
  6879 | D        | Gained mutation: You have supernaturally acute eyesight. (SInv) [potion of mutation]
  6880 | D        | Lost mutation: You are frail. (-10% HP) [potion of mutation]
  6880 | D        | Lost mutation: Your body often deteriorates upon taking damage. [potion of mutation]
  6880 | D        | Gained mutation: Your flesh is cold resistant. (rC+) [potion of mutation]
  6880 | D        | Gained mutation: Your flesh is very cold resistant. (rC++) [potion of mutation]
  6881 | D        | Lost mutation: Your flesh is very cold resistant. (rC++) [potion of mutation]
  6881 | D        | Gained mutation: You expend magic power (3 MP) to strengthen your wands. [potion of mutation]
  6881 | D        | Gained mutation: You occasionally shout uncontrollably at your foes. [potion of mutation]
  6881 | D        | Gained mutation: You have a pair of small horns on your head. [potion of mutation]
  6882 | D        | Lost mutation: Your body sometimes deteriorates upon taking damage. [potion of mutation]
  6882 | D        | Lost mutation: You expend magic power (3 MP) to strengthen your wands. [potion of mutation]
  6882 | D        | Lost mutation: Your spells are a little harder to cast, but a little more powerful. [potion of mutation]
  6882 | D        | Gained mutation: You have a pair of horns on your head. [potion of mutation]
  6883 | D        | Lost mutation: You have a pair of horns on your head. [potion of mutation]
  6883 | D        | Lost mutation: You occasionally shout uncontrollably at your foes. [potion of mutation]
  6883 | D        | Lost mutation: Your magical capacity is low. (-10% MP) [potion of mutation]
  6883 | D        | Lost mutation: You passively map a small area around you. [potion of mutation]
  6883 | D        | Gained mutation: You evolve. [potion of mutation]
  6883 | D        | Gained mutation: Your spells are a little harder to cast, but a little more powerful. [potion of mutation]
  6904 | D        | Identified the +5 scale mail of Disaster {*Contam rF+++ rN+ MP+9} (You found it in the Dungeon)
  6937 | D        | Noticed a quicksilver dragon
  6937 | D        | Noticed a quicksilver dragon
  6946 | D        | Killed a quicksilver dragon
  6946 | D        | Received a gift from Trog
  6946 | D        | Reached skill level 5 in Evocations
  6951 | D        | Killed a quicksilver dragon
  7059 | D        | Noticed a quicksilver dragon
  7065 | D        | Killed a quicksilver dragon
  7303 | D        | Noticed Murray
  7312 | D        | Killed Murray
  7312 | D        | Received a gift from Trog
  7319 | D        | Noticed a curse toe
  7319 | D        | Noticed a greater mummy
  7319 | D        | Noticed Gloorx Vloq
  7320 | D        | Noticed an Executioner
  7325 | D        | Noticed an Executioner
  7434 | D        | Noticed an Executioner
  7434 | D        | Noticed an Executioner
  7435 | D        | Noticed an Executioner
  7446 | D        | HP: 3/163 [Gloorx Vloq (6)]
  7446 | D        | Demolished by Gloorx Vloq

Skill      XL: |  1  2  3  4  5  6  7  8  9 10 11 12 13 14 15 |
---------------+----------------------------------------------+-----
Fighting       | 5 6 7 8 10 11 13 14 17 18 | 18.7
Long Blades    | 7 9 10 12 14 15 17 19 21 22 23 | 23.5
Armour         | 5 6 7 8 11 12 14 15 18 20 | 20.0
Dodging        | 5 6 7 8 11 12 14 15 18 20 | 20.0
Evocations     | 1 7 |  7.7

Action                   |  1- 3 |  4- 6 |  7- 9 | 10-12 | 13-15 || total
-------------------------+-------+-------+-------+-------+-------++-------
Melee: Falchion          |     2 |    19 |    37 |    57 |       ||   115
       Kick              |     1 |     8 |    21 |    82 |   105 ||   217
       Peck              |     1 |     4 |     7 |    57 |    52 ||   121
       Unarmed           |       |       |     8 |       |       ||     8
       Great sword       |       |       |       |   115 |    75 ||   190
       Triple sword      |       |       |       |       |   157 ||   157
       Headbutt          |       |       |       |       |    19 ||    19
Throw: Javelin           |       |       |       |       |     1 ||     1
       Throwing net      |       |       |       |       |     1 ||     1
Invok: Berserk           |     1 |       |     3 |     5 |     2 ||    11
       Brothers in Arms  |       |       |     1 |     9 |    10 ||    20
       Trog's Hand       |       |       |       |     5 |     8 ||    13
 Abil: Fly               |       |       |       |     3 |     6 ||     9
Evoke: Wand              |       |       |       |       |     3 ||     3
  Use: Potion            |       |     1 |       |    11 |    13 ||    25
       Scroll            |       |       |       |     7 |    22 ||    29
 Stab: Distracted        |       |       |       |       |     4 ||     4
       Paralysed         |       |       |       |       |     1 ||     1
  Eat: Chunk             |       |       |     3 |    16 |     7 ||    26
       Ration            |       |       |       |     1 |     5 ||     6
Armor: Animal skin       |       |     1 |     3 |     6 |       ||    10
       Ring mail         |       |       |       |    14 |     7 ||    21
       Skin              |       |       |       |     6 |       ||     6
       Storm dragon scal |       |       |       |       |    19 ||    19
       Leather armour    |       |       |       |       |     5 ||     5
       Scale mail        |       |       |       |       |    26 ||    26
Dodge: Dodged            |       |     9 |    15 |   151 |   230 ||   405
       Rpst.: Falchion   |       |     2 |     4 |    11 |       ||    17
       Great sword       |       |       |       |    28 |    13 ||    41
       Triple sword      |       |       |       |       |    24 ||    24
